 Dungeon Crawl Stone Soup version 0.23.1 (webtiles) character file.

Game seed: 10421762182094149032

230236 dvd the Executioner (level 18, -8/187 HPs)
             Began as a Minotaur Fighter on Mar 4, 2019.
             Was the Champion of Makhleb.
             Mangled by a white very ugly thing (24 damage)
             ... on level 5 of the Abyss.
             The game lasted 01:35:40 (26102 turns).

dvd the Executioner (Minotaur Fighter)             Turns: 26102, Time: 01:35:40

Health: -8/187     AC: 29    Str: 25      XL:     18   Next: 76%
Magic:  0/22       EV: 13    Int:  8 (11) God:    Makhleb [******]
Gold:   2375       SH: 29    Dex: 15      Spells: 17/17 levels left

rFire    . . .     SeeInvis .   a - +10 broad axe "Eskyhofa" {chop, Int+4}
rCold    . . .     Gourm    .   b - +0 large shield
rNeg     . . .     Faith    .   S - +3 chain mail of Fortification {Slay+3}
rPois    +         Spirit   .   c - +2 hat
rElec    .         Reflect  +   L - +2 cloak {+Inv}
rCorr    .         Harm     .   w - +2 pair of gloves
MR       ++...                  F - +2 pair of boots {run}
Stlth    ..........             t - +5 amulet of reflection
HPRegen  0.41/turn              W - ring of protection from magic
MPRegen  0.18/turn              U - ring of poison resistance

@: mighty, wreathed by umbra, quick
A: retaliatory headbutt, horns 2, [blurry vision 2], clever 1, deterioration 2,
robust 1, weak 2, MP-powered wands
}: 1/15 runes: gossamer
a: Minor Destruction, Lesser Servant of Makhleb, Major Destruction, Greater
Servant of Makhleb, Renounce Religion, Evoke Invisibility


You were on level 5 of the Abyss.
You worshipped Makhleb.
Makhleb was exalted by your worship.
You were not hungry.

You visited 5 branches of the dungeon, and saw 29 of its levels.
You visited the Abyss 1 time.
You also visited: Gauntlet, Ice Cave and Volcano.

You collected 2731 gold pieces.
You spent 356 gold pieces at shops.

Inventory:

Hand Weapons
 a - the +10 broad axe "Eskyhofa" (weapon) {chop, Int+4}
   (You found it on level 1 of the Lair of Beasts)

   It inflicts extra damage upon your enemies.
   It affects your intelligence (+4).
 x - the +9 flail of Circularity {antimagic, rF++}
   (You took it off a tengu warrior on level 10 of the Dungeon)

   It reduces the magical energy of the wielder, and disrupts the spells and
   magical abilities of those hit.
   Natural abilities and divine invocations are not affected.
   It greatly protects you from fire.
Missiles
 A - 13 poisoned javelins (quivered)
Armour
 b - a +0 large shield (worn)
 c - a +2 hat (worn)
 o - a +0 pair of gloves
 w - a +2 pair of gloves (worn)
 F - a +2 pair of boots of running (worn)
 L - a +2 cloak of invisibility (worn)
 S - the +3 chain mail of Fortification (worn) {Slay+3}
   (You bought it in a shop on level 2 of the Orcish Mines)

   It affects your accuracy and damage with ranged weapons and melee attacks
   (+3).
 V - a +2 scale mail of fire resistance
 Y - the +1 ring mail of Protective Custody {Str+2 Int+3 Dex+3}
   (You found it on level 2 of the Spider Nest)

   It affects your strength (+2).
   It affects your intelligence (+3).
   It affects your dexterity (+3).
Jewellery
 g - the ring of the Fortune-Teller {rN+ Dex+2}
   (You found it in a Gauntlet)

   [ring of positive energy]

   It affects your dexterity (+2).
   It protects you from negative energy.
 k - an uncursed amulet of the gourmand
 t - a +5 amulet of reflection (around neck)
 C - an uncursed ring of protection from cold
 G - an uncursed ring of protection from cold
 M - a +4 ring of evasion
 N - an uncursed amulet of the acrobat
 Q - an uncursed amulet of guardian spirit
 U - a ring of poison resistance (right hand)
 W - a ring of protection from magic (left hand)
Wands
 d - a wand of clouds (6)
 r - a wand of iceblast (26)
 u - a wand of flame (40)
 y - a wand of paralysis (34)
 D - a wand of disintegration (26)
 E - a wand of digging (17)
 J - a wand of acid (33)
 O - a wand of polymorph (19)
Scrolls
 e - 3 scrolls of blinking
 h - 16 scrolls of remove curse
 i - 10 scrolls of teleportation
 l - 10 scrolls of amnesia
 m - 8 scrolls of identify
 p - 3 scrolls of fog
 H - a scroll of enchant weapon
 I - a scroll of holy word
Potions
 j - a potion of invisibility
 n - 5 potions of magic
 s - a potion of cancellation
 v - 6 potions of curing
 z - a potion of brilliance
 B - 4 potions of flight
 K - 2 potions of heal wounds
 P - 2 potions of might
 T - 8 potions of ambrosia
 X - 2 potions of haste
 Z - a potion of resistance
Comestibles
 f - 53 rations


   Skills:
 + Level 17.2 Fighting
 + Level 21.3 Axes
 + Level 3.7 Throwing
 + Level 14.1 Armour
 + Level 8.1 Dodging
 + Level 2.6 Stealth
 + Level 20.9 Shields
 + Level 7.5 Invocations
 + Level 1.0 Evocations


You had 17 spell levels left.
You didn't know any spells.
Your spell library contained the following spells:

 Spells                   Type           Power        Failure   Level  Hunger
 Animate Skeleton         Necr           N/A          97%         1    ##.....
 Confusing Touch          Hex            #.....       97%         1    ##.....
 Corona                   Hex            #......      97%         1    ##.....
 Flame Tongue             Conj/Fire      #....        97%         1    ##.....
 Freeze                   Ice            #...         97%         1    ##.....
 Magic Dart               Conj           #...         97%         1    ##.....
 Sandblast                Erth           #.....       97%         1    ##.....
 Passwall                 Tmut/Erth      #.......     99%         2    ###....
 Searing Ray              Conj           #.....       99%         2    ###....
 Slow                     Hex            #.......     99%         2    ###....
 Throw Flame              Conj/Fire      #.....       99%         2    ###....
 Throw Frost              Conj/Ice       #.....       99%         2    ###....
 Confuse                  Hex            #.......     100%        3    ####...
 Conjure Flame            Conj/Fire      #.......     100%        3    ####...
 Dazzling Spray           Conj/Hex       #.....       100%        3    ####...
 Gell's Gravitas          Tloc           #.........   100%        3    ####...
 Inner Flame              Hex/Fire       #.......     100%        3    ####...
 Ozocubu's Armour         Chrm/Ice       #.......     100%        3    ####...
 Portal Projectile        Hex/Tloc       #.....       100%        3    ####...
 Stone Arrow              Conj/Erth      #.....       100%        3    ####...
 Cause Fear               Hex            #.........   100%        4    #####..
 Force Lance              Conj/Tloc      #.......     100%        4    #####..
 Fulminant Prism          Conj/Hex       #.........   100%        4    #####..
 Iskenderun's Mystic Bla  Conj           #.......     100%        4    #####..
 Leda's Liquefaction      Hex/Erth       #.........   100%        4    #####..
 Petrify                  Tmut/Erth      #.......     100%        4    #####..
 Sticky Flame             Conj/Fire      #.......     100%        4    #####..
 Summon Ice Beast         Ice/Summ       #.......     100%        4    #####..
 Throw Icicle             Conj/Ice       #.......     100%        4    #####..
 Bolt of Magma            Conj/Fire/Erth #.........   100%        5    ######.
 Fireball                 Conj/Fire      #.........   100%        5    ######.
 Lee's Rapid Deconstruct  Erth           #.........   100%        5    ######.
 Metabolic Englaciation   Hex/Ice        #.........   100%        5    ######.
 Yara's Violent Unravell  Hex/Tmut       #.........   100%        5    ######.


Dungeon Overview and Level Annotations

Branches:
Dungeon (15/15)            Temple (0/1) D:6            Lair (6/6) D:8
 Shoals (0/4) Lair:4       Spider (4/4) Lair:2        Slime (0/5) Lair:5
    Orc (2/2) D:10            Elf (2/3) Orc:2        Vaults (0/5) D:14
 Depths (0/5) D:15

Altars:
Elyvilon
Fedhas
Makhleb
Okawaru
Trog
Vehumet
Wu Jian
Xom

Shops:
D:4 }   Orc:2 (:?[

Annotations:
Elf:2 3 runed translucent doors


Innate Abilities, Weirdness & Mutations

You reflexively headbutt those who attack you in melee.
You have a pair of horns on your head.
Your mind is acute. (Int +2)
Your body often deteriorates upon taking damage.
You are robust. (+10% HP)
You are very weak. (Str -4)
You expend magic power (3 MP) to strengthen your wands.
[Scrolls take you longer to read.]


Message History

* * * LOW HITPOINT WARNING * * *
The sixfirhy barely misses you. You furiously retaliate!
You headbutt the sixfirhy!!
You kill the sixfirhy!
You block the sixfirhy's attack.
The spatial maelstrom hits you but does no damage.
You block the spatial maelstrom's attack.
The orange demon stings you but does no damage.
The smoke demon gestures at you. Something smites you!
* * * LOW HITPOINT WARNING * * *
You block the large abomination's attack.
The sixfirhy hits you.
* * * LOW HITPOINT WARNING * * *
The sixfirhy shocks you!
* * * LOW HITPOINT WARNING * * *
The white very ugly thing engulfs you!
* * * LOW HITPOINT WARNING * * *
The white very ugly thing freezes you!!
You die...

. #......8..# 8..
.. ...X
#...+#....
#.##.............
. .. .#...#....#
### #X.X.#....#
####X.#X#....#
###)†)##4#..#.#
.∩.∩..##.3.####
..
.##.#.##.v@..###
..
##.##..XuA3.### .
# #.#.........##
# ##
###≈33....≈≈## .
# ##8≈.....≈8#..
# #.#§≈†....≈≈###
. .
..#......†††##
####..#.#..## #
.. #


You could see a profane servitor, 3 starcursed masses, a white very ugly thing,
a spatial maelstrom, 2 orange crystal statues, an orange demon, 2 large
abominations, a sixfirhy, 2 smoke demons and a ynoxinul.

Vanquished Creatures
  A tentacled monstrosity (Abyss:5)
  Rupert (Lair:3)
  Gastronok (Lair:1)
  4 tentacled starspawn
  Kirke (D:14)
  8 emperor scorpions
  A deep elf sorcerer (Elf:1)
  2 ghost moths (Spider:4)
  2 very ugly things (IceCv)
  3 entropy weavers
  A green draconian (Abyss:5)
  A lorocyproca (Abyss:5)
  A minotaur (Gauntlet)
  Nessos (Orc:2)
  A yellow draconian (Abyss:5)
  Azrael (Orc:2)
  Snorg (Orc:2)
  An eidolon (Abyss:5)
  A death ooze (Gauntlet)
  A fire dragon (Lair:6)
  The ghost of Mosut the Severer, a journeyman HOWn of the Shining One (Lair:3)
  A deep elf high priest (Elf:2)
  Harold (D:11)
  Fannar (D:10)
  The ghost of Nattefrost the Carver, a journeyman HuBe of Trog (D:10)
  A vault guard (D:14)
  The ghost of Paps the Basher, a journeyman OpBe of Trog (Lair:1)
  A rakshasa (Abyss:5)
  A catoblepas (Lair:4)
  2 death knights
  14 two-headed ogres
  A centaur warrior (D:14)
  8 dancing weapons
  3 death yaks (Lair:5)
  2 ogre magi (Orc:2)
  A tengu warrior (D:10)
  Urug (Lair:1)
  15 thrashing horrors (Abyss:5)
  13 deep elf knights
  Sonja (Lair:3)
  6 wretched stars
  Nergalle (D:12)
  A fire crab (Volcano)
  9 skeletal warriors
  A sixfirhy (Abyss:5)
  2 deep trolls (Orc:2)
  12 large abominations (Abyss:5)
  A wizard (Elf:1)
  2 swamp dragons (shapeshifter)
  20 starcursed masses
  5 deep elf archers
  5 unseen horrors
  A shadow demon (Abyss:3)
  Pikel (D:9)
  2 phantasmal warriors
  7 orc knights
  4 glowing orange brains
  2 necromancers
  2 wolf spider zombies
  A lindwurm (Volcano)
  29 wolf spiders
  3 ugly things
  A mana viper (shapeshifter) (Gauntlet)
  3 cyclopes
  An oklob plant (Lair:4)
  3 manticores
  17 orb spiders
  32 deep elf magi
  3 orc sorcerers
  4 moths of wrath
  6 black mambas
  13 elephants
  A worldbinder (Abyss:3)
  An apocalypse crab (Abyss:5)
  A guardian serpent (shapeshifter) (D:14)
  Maurice (D:9)
  Psyche (D:9)
  3 molten gargoyles (Lair:6)
  2 gargoyles
  2 naga magi (D:15)
  3 smoke demons
  A centaur skeleton (D:10)
  12 spiny frogs
  5 ice statues (IceCv)
  An efreet (D:11)
  2 torpor snails
  A hellion (Abyss:3)
  2 rime drakes
  3 komodo dragons
  A kobold demonologist (D:11)
  2 freezing wraiths
  8 demonic crawlers
  4 ancient zymes (Abyss:5)
  5 yaktaurs (D:15)
  2 anaconda simulacra (IceCv)
  28 jumping spiders
  2 tengu conjurers
  22 trolls
  A wind drake (shapeshifter) (Gauntlet)
  A meliai zombie (D:12)
  A snapping turtle (Lair:4)
  10 dream sheep
  5 hornets
  A harpy skeleton (D:13)
  6 hippogriffs
  5 slime creatures (D:12)
  13 blink frogs
  An iron dragon simulacrum (Abyss:5)
  6 raiju (Abyss:5)
  A hippogriff (shapeshifter) (D:11)
  An ettin skeleton (Abyss:5)
  30 tarantellas
  3 centaur simulacra (D:15)
  4 wraiths
  A ynoxinul (Abyss:5)
  75 redbacks
  A vampire (D:12)
  3 water elementals
  A human (D:7)
  3 wyverns (Lair:6)
  7 fire elementals
  51 yaks
  6 hogs
  10 basilisks
  An air elemental (Elf:1)
  Sigmund (D:5)
  2 dire elephant simulacra (IceCv)
  3 chaos spawn
  Grum (Lair:1)
  5 neqoxecs (Abyss:5)
  5 steam dragons
  A hungry ghost (D:13)
  Menkaure (D:7)
  9 hell hounds
  An iron troll simulacrum (IceCv)
  4 wargs
  11 water moccasins
  An acid dragon (D:11)
  4 hydra simulacra (IceCv)
  25 orc warriors
  8 porcupines
  A black bear (D:12)
  An eye of draining (D:14)
  11 ice beasts
  3 sky beasts
  A black mamba simulacrum (Abyss:5)
  27 ogres
  A slave (D:9)
  4 necrophages
  4 wolves (Lair:1)
  2 boggarts (Elf:1)
  13 centaurs
  12 crocodiles
  An earth elemental (Elf:1)
  17 bullfrogs
  A gnoll sergeant (Orc:1)
  4 small abominations
  4 scorpions
  A manticore simulacrum (Abyss:5)
  3 killer bees (D:9)
  19 wights
  A howler monkey (D:11)
  6 crimson imps
  4 bullfrog zombies
  5 lava snakes (Lair:6)
  5 centaur zombies
  A quasit (D:13)
  7 hounds
  8 orc priests
  3 bullfrog skeletons
  7 jellies
  Ijyb (D:4)
  Terence (D:3)
  9 iguanas
  14 orc wizards
  10 worker ants
  A killer bee zombie (D:9)
  A hound zombie (D:11)
  A hound skeleton (D:11)
  2 worker ant zombies
  Robin (D:3)
  16 adders
  10 shadow imps
  A white imp (Abyss:3)
  An ooze (D:1)
  An adder zombie (D:9)
  An adder skeleton (D:6)
  2 worms
  A dart slug (D:1)
  7 leopard geckos
  50 orcs
  2 ball pythons
  7 bats
  6 giant cockroaches
  26 goblins
  22 hobgoblins
  4 jackals (D:6)
  11 kobolds
  6 quokkas
  8 frilled lizards
  5 rats
  A bush (D:9)
  2 fungi
  5 plants
  7 starspawn tentacles
1170 creatures vanquished.

Vanquished Creatures (collateral kills)
  A fire crab (Lair:6)
1 creature vanquished.

Vanquished Creatures (others)
  2 deep elf knights
  A cyclops (Orc:2)
  A large abomination (Abyss:5)
  A steam dragon (Volcano)
  A phantom (D:9)
  A centaur (D:12)
  A small abomination (Abyss:5)
  An orc wizard (D:9)
  2 orcs (Orc:2)
  4 fungi
  7 plants
  7 starspawn tentacles
29 creatures vanquished.

Grand Total: 1200 creatures vanquished

Notes
Turn   | Place    | Note
-------+----------+-------------------------------------------
     0 | D:1      | dvd the Minotaur Fighter began the quest for the Orb.
     0 | D:1      | Reached XP level 1. HP: 19/19 MP: 0/0
   128 | D:1      | Reached XP level 2. HP: 19/27 MP: 1/1
   331 | D:1      | Reached XP level 3. HP: 33/33 MP: 2/2
   395 | D:1      | Reached skill level 3 in Axes
   807 | D:2      | Reached XP level 4. HP: 40/40 MP: 3/3
   987 | D:2      | Reached skill level 4 in Axes
  1290 | D:2      | Found a white marble altar of Elyvilon.
  1676 | D:3      | Reached XP level 5. HP: 47/47 MP: 4/4
  1766 | D:3      | Noticed Robin
  1778 | D:3      | Killed Robin
  1954 | D:3      | Noticed Terence
  1959 | D:3      | Killed Terence
  1959 | D:3      | Reached skill level 5 in Axes
  2183 | D:4      | Reached XP level 6. HP: 43/53 MP: 5/5
  2186 | D:4      | Reached skill level 5 in Armour
  2188 | D:4      | Found Jeckemop's Gadget Shoppe.
  2191 | D:4      | Reached skill level 5 in Fighting
  2465 | D:4      | Noticed Ijyb
  2476 | D:4      | Killed Ijyb
  2476 | D:4      | Reached skill level 6 in Axes
  2518 | D:4      | Found a shimmering altar of Xom.
  2521 | D:4      | Found a shimmering altar of Xom.
  2521 | D:4      | Found a shimmering altar of Xom.
  2521 | D:4      | Found a shimmering altar of Xom.
  2521 | D:4      | Found a shimmering altar of Xom.
  2540 | D:4      | Got a transparent chain mail
  2551 | D:4      | Identified the +1 chain mail of Bien {Dex+3} (You found it
                  | on level 4 of the Dungeon)
  2587 | D:4      | Found a burning altar of Makhleb.
  2594 | D:4      | Reached XP level 7. HP: 58/61 MP: 6/6
  2601 | D:4      | Became a worshipper of Makhleb the Destroyer
  2852 | D:4      | Found a shimmering altar of Xom.
  2926 | D:5      | Entered Level 5 of the Dungeon
  2954 | D:5      | Noticed Sigmund
  2961 | D:5      | Killed Sigmund
  2961 | D:5      | Reached skill level 5 in Shields
  2986 | D:5      | Reached skill level 7 in Axes
  2986 | D:5      | Reached skill level 1 in Dodging
  3097 | D:5      | Found a radiant altar of Vehumet.
  3437 | D:5      | Reached XP level 8. HP: 55/70 MP: 7/7
  3446 | D:5      | Reached skill level 8 in Axes
  3793 | D:6      | Reached * piety under Makhleb
  3909 | D:6      | Reached skill level 9 in Axes
  3937 | D:6      | Found a staircase to the Ecumenical Temple.
  4296 | D:6      | Noticed a two-headed ogre
  4307 | D:6      | Killed a two-headed ogre
  4307 | D:6      | Reached XP level 9. HP: 55/78 MP: 8/8
  4707 | D:7      | Found a radiant altar of Vehumet.
  4849 | D:7      | Reached skill level 10 in Axes
  4902 | D:7      | Noticed Menkaure
  4909 | D:7      | Killed Menkaure
  4909 | D:7      | Reached ** piety under Makhleb
  5527 | D:7      | Reached skill level 1 in Invocations
  5531 | D:7      | Reached skill level 11 in Axes
  5535 | D:7      | Reached XP level 10. HP: 70/86 MP: 8/10
  5604 | D:8      | Found an iron altar of Okawaru.
  5622 | D:8      | Found a staircase to the Lair.
  5743 | D:8      | Reached *** piety under Makhleb
  5957 | D:8      | Reached skill level 10 in Shields
  6261 | D:9      | Found a blossoming altar of Fedhas.
  6378 | D:9      | Reached skill level 12 in Axes
  6450 | D:9      | Noticed Psyche
  6455 | D:9      | Killed Psyche
  6473 | D:9      | Noticed Maurice
  6491 | D:9      | Killed Maurice
  6491 | D:9      | Reached XP level 11. HP: 64/95 MP: 11/11
  6615 | D:9      | Noticed Pikel
  6633 | D:9      | Killed Pikel
  6641 | D:9      | Reached **** piety under Makhleb
  6774 | D:9      | Gained mutation: You do not regenerate when monsters are
                  | visible. [potion of mutation]
  6774 | D:9      | Gained mutation: You are dopey. (Int -2) [potion of
                  | mutation]
  6774 | D:9      | Gained mutation: You are weak. (Str -2) [potion of
                  | mutation]
  6774 | D:9      | Gained mutation: You are robust. (+10% HP) [potion of
                  | mutation]
  6775 | D:9      | Lost mutation: You do not regenerate when monsters are
                  | visible. [potion of mutation]
  6775 | D:9      | Lost mutation: You are dopey. (Int -2) [potion of mutation]
  6775 | D:9      | Gained mutation: You expend magic power (3 MP) to
                  | strengthen your wands. [potion of mutation]
  6775 | D:9      | Gained mutation: You are very weak. (Str -4) [potion of
                  | mutation]
  6775 | D:9      | Gained mutation: Your mind is acute. (Int +2) [potion of
                  | mutation]
  6836 | Lair:1   | Entered Level 1 of the Lair of Beasts
  6958 | Lair:1   | Found an ornate altar of the Wu Jian Council.
  6970 | Lair:1   | Noticed Gastronok
  7000 | Lair:1   | Killed Gastronok
  7000 | Lair:1   | Reached skill level 13 in Axes
  7047 | Lair:1   | Found a large runed translucent door.
  7047 | Lair:1   | Found a large runed translucent door.
  7048 | Lair:1   | Noticed Paps's ghost (journeyman OpBe)
  7064 | Lair:1   | Killed Paps's ghost
  7070 | Lair:1   | Got a slimy broad axe
  7071 | Lair:1   | Identified the +10 broad axe "Eskyhofa" {chop, Int+4} (You
                  | found it on level 1 of the Lair of Beasts)
  7232 | Lair:1   | Noticed Grum
  7242 | Lair:1   | Killed Grum
  7307 | Lair:1   | Noticed Urug
  7313 | Lair:1   | Killed Urug
  7541 | Lair:2   | Reached skill level 14 in Axes
  7718 | Lair:2   | Found a hole to the Spider Nest.
  7725 | Lair:2   | Reached XP level 12. HP: 116/116 MP: 13/13
  7758 | Lair:2   | Found a gate leading to a gauntlet.
  7764 | Gauntlet | Entered a Gauntlet
  7764 | Gauntlet | Found a transporter.
  7774 | Gauntlet | Found a transporter.
  7782 | Gauntlet | Found a transporter.
  7784 | Gauntlet | Found a transporter.
  7790 | Gauntlet | Noticed a blizzard demon
  7794 | Gauntlet | Found a transporter.
  7807 | Gauntlet | Found a runed translucent door.
  7811 | Gauntlet | Found a transporter.
  7820 | Gauntlet | Found a transporter.
  7829 | Gauntlet | Found a runed translucent gate.
  7830 | Gauntlet | Found a transporter.
  7830 | Gauntlet | Found a runed translucent gate.
  7830 | Gauntlet | Found a runed translucent door.
  7830 | Gauntlet | Found a runed translucent door.
  7831 | Gauntlet | Found a runed translucent gate.
  7842 | Gauntlet | Found a transporter.
  7842 | Gauntlet | Found a transporter.
  7849 | Gauntlet | Noticed a satyr
  7852 | Gauntlet | a satyr changed into a wolf spider
  7856 | Gauntlet | Found a transporter.
  7865 | Gauntlet | Noticed a death ooze
  7867 | Gauntlet | Found a transporter.
  7867 | Gauntlet | Found a transporter.
  7869 | Gauntlet | Found a transporter.
  7953 | Gauntlet | Reached skill level 10 in Armour
  8252 | Gauntlet | Killed a death ooze
  8252 | Gauntlet | Reached skill level 10 in Fighting
  8361 | Gauntlet | Got a smoking pewter ring
  8363 | Gauntlet | Identified the ring of the Fortune-Teller {rN+ Dex+2} (You
                  | found it in a Gauntlet)
  8375 | Gauntlet | Noticed a minotaur
  8389 | Gauntlet | Killed a minotaur
  8428 | Gauntlet | Identified a +0 pair of boots of running (You found it in a
                  | Gauntlet)
  8593 | Lair:2   | Reached skill level 1 in Stealth
  8628 | Lair:2   | Reached ***** piety under Makhleb
  8697 | Lair:2   | Reached skill level 15 in Axes
  8862 | Lair:3   | Identified a scroll of acquirement
  8903 | Lair:3   | Noticed Rupert
  8903 | Lair:3   | Paralysed by Rupert for 7 turns
  8924 | Lair:3   | Killed Rupert
  9183 | Lair:3   | Noticed Sonja
  9200 | Lair:3   | Killed Sonja
  9545 | Lair:3   | Found a runed translucent door.
  9547 | Lair:3   | Noticed Mosut's ghost (journeyman HOWn)
 10005 | Lair:4   | Reached XP level 13. HP: 124/124 MP: 14/14
 10144 | Lair:4   | You fall through a shaft for 2 floors!
 10144 | Lair:6   | Entered Level 6 of the Lair of Beasts
 10238 | Lair:6   | Reached skill level 16 in Axes
 11197 | Lair:6   | Noticed a fire dragon
 11198 | Lair:6   | Found a large runed translucent door.
 11199 | Lair:6   | Found a large runed translucent door.
 11262 | Lair:6   | Reached skill level 1 in Throwing
 11552 | Lair:5   | Found a dark tunnel.
 11664 | Lair:5   | Found a staircase to the Slime Pits.
 11898 | Volcano  | Entered a volcano
 12014 | Volcano  | Reached skill level 17 in Axes
 12425 | Lair:4   | Reached XP level 14. HP: 128/136 MP: 16/16
 12429 | Lair:4   | Reached skill level 5 in Dodging
 12552 | Lair:4   | Found a radiant altar of Vehumet.
 13016 | Lair:4   | Found a staircase to the Shoals.
 13668 | Lair:3   | Reached skill level 15 in Shields
 13675 | Lair:3   | Killed Mosut's ghost
 13813 | D:10     | Entered Level 10 of the Dungeon
 14049 | D:10     | Found a transporter.
 14052 | D:10     | Identified the +9 flail of Circularity {antimagic, rF++}
 14052 | D:10     | Identified the +3 scimitar "Biyrith" {flame, Str-4 Int+3}
 14053 | D:10     | Noticed Nattefrost's ghost (journeyman HuBe)
 14055 | D:10     | Noticed Fannar
 14068 | D:10     | Identified the cursed +3 glaive "Eleyk" {elec, rPois rF+}
 14068 | D:10     | Killed Fannar
 14207 | D:10     | Found a transporter.
 14254 | D:10     | Found a bloodstained altar of Trog.
 14334 | D:10     | Reached ****** piety under Makhleb
 14415 | D:10     | Found a staircase to the Orcish Mines.
 14692 | Orc:1    | Entered Level 1 of the Orcish Mines
 14921 | Orc:2    | Entered Level 2 of the Orcish Mines
 14921 | Orc:2    | Noticed Azrael
 14933 | Orc:2    | Noticed Snorg
 14946 | Orc:2    | Killed Azrael
 14952 | Orc:2    | Killed Snorg
 15028 | Orc:2    | Reached skill level 18 in Axes
 15039 | Orc:2    | Reached skill level 5 in Invocations
 15253 | Orc:2    | Found Suenni's Antique Weapon Shop.
 15257 | Orc:2    | Found Qiustroa's Book Shop.
 15299 | Orc:2    | Found Xilonue's Magic Scroll Emporium.
 15315 | Orc:2    | Reached XP level 15. HP: 144/146 MP: 18/18
 15329 | Orc:2    | Found Paneeth's Antique Armour Boutique.
 15338 | Orc:2    | Bought a spiked chain mail for 266 gold pieces
 15348 | Orc:2    | Identified the +3 chain mail of Fortification {Slay+3} (You
                  | bought it in a shop on level 2 of the Orcish Mines)
 15353 | Orc:2    | Bought a scroll of enchant armour for 90 gold pieces
 15415 | Orc:2    | Noticed Nessos
 15427 | Orc:2    | Killed Nessos
 15444 | Orc:2    | Found a staircase to the Elven Halls.
 16378 | D:11     | Noticed Harold
 16392 | D:11     | Killed Harold
 16788 | D:11     | Identified the Compendium of Fanaticism
 17186 | D:12     | Noticed Nergalle
 17196 | D:12     | Killed Nergalle
 18335 | D:14     | Reached skill level 19 in Axes
 18364 | D:14     | Found a gate to the Vaults.
 18663 | D:14     | Noticed Kirke
 18675 | D:14     | Killed Kirke
 19217 | D:15     | Entered Level 15 of the Dungeon
 19618 | D:15     | Reached XP level 16. HP: 159/159 MP: 19/19
 19940 | D:15     | Found a staircase to the Depths.
 20113 | D:10     | Killed Nattefrost's ghost
 20378 | Spider:1 | Entered Level 1 of the Spider Nest
 21922 | Spider:2 | Found a frozen archway.
 21934 | IceCv    | Entered an ice cave
 22247 | IceCv    | Reached skill level 15 in Fighting
 22386 | Spider:2 | Got a heavily runed ring mail
 22387 | Spider:2 | Identified the +1 ring mail of Protective Custody {Str+2
                  | Int+3 Dex+3} (You found it on level 2 of the Spider Nest)
 22664 | Spider:3 | Reached XP level 17. HP: 170/170 MP: 21/21
 22965 | Spider:4 | Entered Level 4 of the Spider Nest
 22979 | Spider:4 | Reached skill level 20 in Axes
 23141 | Spider:4 | Reached skill level 1 in Evocations
 23441 | Spider:4 | Got a gossamer rune of Zot
 23996 | Elf:1    | Entered Level 1 of the Elven Halls
 25189 | Elf:2    | Reached XP level 18. HP: 147/181 MP: 22/22
 25286 | Elf:2    | Found a runed translucent gate.
 25288 | Elf:2    | Found a runed translucent gate.
 25291 | Elf:2    | Found a runed translucent gate.
 25365 | Elf:2    | Cast into level 3 of the Abyss (a deep elf sorcerer)
 25612 | Abyss:5  | Entered Level 5 of the Abyss
 25612 | Abyss:5  | Entered Level 5 of the Abyss
 25743 | Abyss:5  | Noticed a tentacled monstrosity
 25763 | Abyss:5  | Killed a tentacled monstrosity
 25881 | Abyss:5  | Reached skill level 21 in Axes
 25971 | Abyss:5  | Gained mutation: Your body sometimes deteriorates upon
                  | taking damage. [a neqoxec]
 25989 | Abyss:5  | Gained mutation: Your body often deteriorates upon taking
                  | damage. [a neqoxec]
 26098 | Abyss:5  | Noticed a profane servitor
 26102 | Abyss:5  | Mangled by a white very ugly thing

Skill      XL: |  1  2  3  4  5  6  7  8  9 10 11 12 13 14 15 16 17 18 |
---------------+-------------------------------------------------------+-----
Shields        | 4 5 8 9 11 12 13 14 15 17 18 20 | 20.9
Fighting       | 4 5 6 7 8 9 10 11 12 14 15 16 17 | 17.2
Armour         | 4 5 6 7 9 10 11 12 13 14 | 14.1
Axes           | 3 4 5 6 7 9 11 12 14 15 17 18 19 20 21 | 21.3
Dodging        | 1 2 3 4 6 7 8 |  8.1
Invocations    | 1 2 3 4 5 6 7 |  7.5
Stealth        | 1 2 |  2.6
Throwing       | 1 2 3 |  3.7
Evocations     | 1 |  1.0

Action                   |  1- 3 |  4- 6 |  7- 9 | 10-12 | 13-15 | 16-18 || total
-------------------------+-------+-------+-------+-------+-------+-------++-------
Melee: War axe           |    82 |   148 |   177 |   287 |       |       ||   694
       Headbutt          |     8 |    34 |    44 |   129 |   220 |   208 ||   643
       Broad axe         |       |       |       |   189 |   873 |  1051 ||  2113
Throw: Javelin           |       |       |       |     8 |    30 |    38 ||    76
Invok: Minor Destruction |       |       |     9 |    19 |    41 |    42 ||   111
       Lesser Servant of |       |       |       |       |     5 |     2 ||     7
Evoke: Wand              |       |       |       |       |     2 |     5 ||     7
  Use: Scroll            |       |     4 |       |    10 |     8 |     5 ||    27
       Potion            |       |       |       |    11 |     5 |     2 ||    18
 Stab: Distracted        |       |       |       |       |     3 |     1 ||     4
  Eat: Chunk             |     3 |    17 |     1 |    14 |    30 |    18 ||    83
       Ration            |       |       |       |       |       |     1 ||     1
Armor: Scale mail        |    40 |    10 |       |       |    81 |       ||   131
       Chain mail        |       |    74 |    50 |   122 |   160 |   372 ||   778
Dodge: Dodged            |    35 |    43 |    18 |    54 |   159 |   299 ||   608
Block: Shield            |    56 |    91 |     1 |       |       |       ||   148
       Large shield      |       |       |   198 |   457 |   913 |  1186 ||  2754
       Reflection        |       |       |    10 |     9 |    34 |    54 ||   107
